Cogmind - Beta 16.1 @@@ ROGUE MODE // 2026.04.28 @ 12:17:24 Player: coopco Result: Destroyed by S-27 Virus with Autogun Performance ------------- Evolutions (3) 1500 Regions Visited (11) 2200 Robots Destroyed (72) 360 Value Destroyed (2645) 2645 Prototype IDs (28) 560 Alien Tech Used (0) 0 Bonus (1881) 1881 TOTAL SCORE: 9146 Bonus ------- High Alert Combat Kills 181 Entered Garrisons 400 Used RIF Installer 1000 Aligned with FarCom 300 Cogmind --------- Core Integrity 0/700 Matter 300/300 Energy 100/100 System Corruption 5% Temperature Cool (0) Movement Core (50) Location -7/Garrison Parts ------- > --- POWER (1) -------- (None) > --- PROPULSION (3) --- (None) > --- UTILITY (6) ------ Core Analyzer Relay Coupler [Specialist] (5) > --- WEAPON (3) ------- (None) > --- INVENTORY (5) ---- Light Deuterium Engine Relay Coupler [Sentry] (21) Relay Coupler [Hunter] (20) Remote Datajack Peak State ------------ > --- POWER ------------ Enhanced Nuclear Core > --- PROPULSION ------- Armored Huge Wheel Improved Airjet > --- UTILITY ---------- Advanced Visual Processing Unit Experimental Sensor Array Signal Interpreter Target Analyzer Armor Integrity Analyzer System Shield > --- WEAPON ----------- AWS/Autocannon > --- INVENTORY -------- Light Nuclear Core Gravmag System Gravmag System Hacking Suite System Shield [Rating: 72] Favorites ----------- Power Ion Engine Engine Ion Engine Power Core Enhanced Nuclear Core Propulsion Light Treads Treads Light Treads Leg Improved Titanium Leg Wheel Armored Huge Wheel Hover Unit Improved Airjet Utility Signal Interpreter Device Experimental Sensor Array Storage Medium Storage Unit Processor Signal Interpreter Hackware System Shield Protection Hardened Medium Armor Plating Weapon Assault Rifle Energy Gun Medium Laser Ballistic Gun Assault Rifle Ballistic Cannon AWS/Autocannon Special Weapon Remote Datajack Slashing Weapon Makeshift Sword Build | -11 -10 -10 -10 -9 -8 -7 -7 -7 -7 -7 -7 ------- Run | Yrd Mat Min Exi Min Mat Fac Was Fac Gar Fac Gar Slots Evolved 6 | . . . . . 4 2 . . . . . Power . | . . . . . . . . . . . . Propulsion 1 | . . . . . 1 . . . . . . Utility 4 | . . . . . 3 1 . . . . . Weapon 1 | . . . . . . 1 . . . . . Parts Attached 65 | 6 2 1 1 1 17 5 3 6 3 6 14 Power 10 | 1 . . . 1 3 1 . 1 . . 3 Engine 4 | 1 . . . 1 1 . . . . . 1 Core 6 | . . . . . 2 1 . 1 . . 2 Reactor . | . . . . . . . . . . . . Propulsion 14 | 2 1 . . . 4 1 1 1 . 3 1 Treads 7 | 2 1 . . . 4 . . . . . . Leg 1 | . . . . . . . . . . 1 . Wheel 3 | . . . . . . . 1 . . 1 1 Hover 3 | . . . . . . 1 . 1 . 1 . Flight . | . . . . . . . . . . . . Utility 20 | 1 1 1 . . 4 1 2 2 2 3 3 Device 5 | . . . . . . 1 2 2 . . . Storage 4 | 1 . 1 . . 1 . . . . . 1 Processor 5 | . 1 . . . 2 . . . 1 . 1 Hackware 4 | . . . . . 1 . . . 1 1 1 Protection 2 | . . . . . . . . . . 2 . Artifact . | . . . . . . . . . . . . Weapon 21 | 2 . . 1 . 6 2 . 2 1 . 7 Energy Gun 8 | 1 . . . . 1 2 . 1 . . 3 Energy Cannon . | . . . . . . . . . . . . Ballistic Gun 10 | 1 . . 1 . 4 . . . 1 . 3 Ballistic Cannon 1 | . . . . . . . . 1 . . . Launcher . | . . . . . . . . . . . . Special Weapon 1 | . . . . . . . . . . . 1 Impact Weapon . | . . . . . . . . . . . . Slashing Weapon 1 | . . . . . 1 . . . . . . Piercing Weapon . | . . . . . . . . . . . . Special Melee Weapon . | . . . . . . . . . . . . Unidentified Prototypes 5 | . . . . . . . 2 2 . 1 . Parts Lost 29 | . . . . 1 5 2 3 . . 1 17 Power 5 | . . . . 1 . . . . . . 4 Propulsion 7 | . . . . . 2 1 1 . . . 3 Utility 8 | . . . . . . 1 1 . . 1 5 Weapon 9 | . . . . . 3 . 1 . . . 5 Highest Loss Streak 12 | . . . . 1 3 1 3 . . 1 12 To Critical Strikes 1 | . . . . . . . . . . . 1 Average Backups 8 | 1 7 9 9 7 10 12 6 4 5 5 4 Power 1 | . 1 2 2 1 1 2 1 1 1 1 . Propulsion 1 | 1 2 2 2 1 1 3 2 1 . . . Utility 2 | . 1 3 3 2 2 2 . 1 2 3 2 Weapon 2 | . 1 1 2 3 5 3 1 . . . . Tool/Special . | . . . . . . . . . . . . Unused Backups 26 | . 2 . 2 1 1 5 7 2 3 . 3 Power 4 | . . . . . 1 1 1 1 . . . Propulsion 9 | . . . . 1 . . 5 1 2 . . Utility 8 | . . . 2 . . 3 . . 1 . 2 Weapon 3 | . 1 . . . . 1 1 . . . . Tool/Special 2 | . 1 . . . . . . . . . 1 Average Slot Usage (%) 84 | . 99 100 100 100 77 90 71 68 75 68 62 Engine 6 | . 14 14 14 14 7 . . . . . 1 Core 3 | . . . . . 1 7 7 7 7 7 5 Treads 17 | . 28 28 28 28 25 21 1 . . . . Wheel 2 | . . . . . . . 5 7 7 6 5 Hover 1 | . . . . . . . 2 2 7 5 3 Device 1 | . . . . . . . 3 10 2 . . Storage 8 | . 14 14 14 14 10 7 3 . . . 2 Processor 16 | . 13 14 14 14 10 23 23 23 29 17 9 Hackware 5 | . . . . . 4 7 7 7 12 15 18 Energy Gun 5 | . 14 14 8 . 1 14 10 1 . . 2 Ballistic Gun 10 | . 14 14 19 28 16 3 . . . . 1 Ballistic Cannon 1 | . . . . . . . . 6 7 7 3 Peak Build Rating 72 | 6 8 9 12 12 29 38 42 68 72 67 68 Average Rating 29 | 4 7 8 10 11 19 34 36 63 66 62 43 On Entrance 29 | . 6 8 9 12 12 29 38 35 68 67 66 Avg Prop Armor Cover (%) 2 | . . . . . . 4 6 3 3 3 2 Naked Turns . | . . . . . . . . . . . . Heaviest Build 85 | 14 14 19 19 19 41 37 36 70 69 84 85 Greatest Support 60 | 40 40 40 40 40 60 60 40 28 28 28 28 Greatest Overweight (x) 3 | 3 . . . . . . 1 2 2 2 3 Average Overweight (x) . | . . . . . . . . 1 1 2 1 Largest Inventory Capacity 15 | 8 8 10 10 10 15 15 15 5 5 5 5 Average Capacity 9 | 7 8 9 10 10 13 15 9 5 5 5 5 Most Carried 15 | 4 8 10 10 10 15 15 15 5 5 5 5 Average Carried 8 | 2 7 9 9 9 12 14 7 4 4 4 4 Final Capacity 15 | 8 8 10 10 10 15 15 5 5 5 5 5 Final Carried 15 | 4 8 10 10 10 15 15 5 5 5 5 4 Class Distribution -------------------- 58% | Mutant 11% | Skirmisher 7% | Scavenger-Mutant 5% | Hacker-Gunner 5% | Scavenger-Skirmisher 4% | Hacker-Tank Dominant Class ---------------- Mutant | -10/Materials Mutant | -10/Mines Mutant | -10/Exiles Mutant | -9/Mines Mutant | -8/Materials Scavenger-Skirmisher | -7/Factory Mutant | -7/Waste Skirmisher | -7/Factory Hacker-Gunner | -7/Garrison Hacker-Skirmisher | -7/Factory Hacker-Tank | -7/Garrison Resources | -11 -10 -10 -10 -9 -8 -7 -7 -7 -7 -7 -7 ----------- Run | Yrd Mat Min Exi Min Mat Fac Was Fac Gar Fac Gar Matter Collected 1383 | 228 120 13 . 59 411 64 . 81 147 27 233 Remotely . | . . . . . . . . . . . . Salvage Created 1959 | . 212 . . 52 484 269 . 114 202 110 516 Parts 151 | . 19 . . 6 46 7 . 9 15 15 34 Haulers Intercepted . | . . . . . . . . . . . . Recyclers Shooed . | . . . . . . . . . . . . Parts Field Recycled . | . . . . . . . . . . . . Retrieved Matter . | . . . . . . . . . . . . Parts Self-Destructed . | . . . . . . . . . . . . Prevented . | . . . . . . . . . . . . Parts Restored . | . . . . . . . . . . . . Kills | -11 -10 -10 -10 -9 -8 -7 -7 -7 -7 -7 -7 ------- Run | Yrd Mat Min Exi Min Mat Fac Was Fac Gar Fac Gar Combat Hostiles Destroyed 68 | . 8 . . 3 14 3 . 2 7 7 24 Guns 32 | . 8 . . 3 14 3 . . . . 4 Cannons 33 | . . . . . . . . 2 7 5 19 AOE 3 | . . . . . . . . . . 2 1 Classes Destroyed 14 | . 3 . . . 3 2 . 2 1 1 2 Worker 1 | . . . . . 1 . . . . . . Builder 2 | . 1 . . . . . . . . 1 . Recycler 1 | . . . . . . 1 . . . . . Operator 2 | . . . . . . . . 1 . 1 . Watcher 1 | . . . . . . . . 1 . . . Swarmer 33 | . 6 . . 3 7 . . . 1 4 12 Grunt 13 | . 2 . . . 3 . . . 2 . 6 Protector 1 | . . . . . . . . . . . 1 Sentry 5 | . . . . . 3 1 . . . . 1 Demolisher 1 | . . . . . . . . . . . 1 Specialist 2 | . . . . . . . . . 2 . . Hunter 2 | . . . . . 1 1 . . . . . Programmer 8 | . . . . . . 1 . 2 2 . 3 Assembled 3 | . . . . . . . . . . 3 . Best Kill Streak 12 | . 4 . . 3 6 2 . 1 2 7 12 Combat Bots Only 12 | . 3 . . 3 6 1 . 1 2 5 12 Max Kills in Single Turn 3 | . 1 . . 2 1 1 . 1 1 3 1 Gunslinging 1 | . . . . 1 . . . . . . . Exploded 2 | . . . . . . . . . . 2 1 Melee . | . . . . . . . . . . . . Uniques/NPCs Destroyed . | . . . . . . . . . . . . Combat | -11 -10 -10 -10 -9 -8 -7 -7 -7 -7 -7 -7 -------- Run | Yrd Mat Min Exi Min Mat Fac Was Fac Gar Fac Gar Hostile Shots Fired 519 | . 42 . . 17 112 54 3 4 15 9 263 Missed 169 | . 8 . . 3 36 25 . 2 3 3 89 Hits 350 | . 34 . . 14 76 29 3 2 12 6 174 Melee 3 | . . . . . . . 3 . . . . Projectile 347 | . 34 . . 14 76 29 . 2 12 6 174 AOE 6 | . . . . 4 . . . . . . 2 Critical Strikes 10 | . . . . . 4 1 1 . 1 . 3 Damage Taken 4845 | . 352 . . 233 1094 290 131 31 222 131 2361 Core 864 | . 43 . . 24 96 29 31 15 22 . 604 Absorbed by Shields 8 | . . . . . . . . . . . 8 Core Remaining (%) 85 | 100 . . . 73 82 . . . . . . Volleys Fired 170 | . 27 . . 6 75 17 3 1 1 . 40 Largest 3 | . 2 . . 2 2 3 2 2 1 . 2 Hottest 135 | . 70 . . 40 79 135 125 111 28 . 115 Shots Fired 364 | . 53 . . 12 117 41 4 9 23 12 93 Gun 268 | . 53 . . 12 117 41 4 2 1 . 38 Cannon 92 | . . . . . . . . 7 22 12 51 Launcher . | . . . . . . . . . . . . Special 4 | . . . . . . . . . . . 4 Kinetic 264 | . 27 . . 12 107 7 . 7 23 12 69 Thermal 84 | . 26 . . . 10 34 4 1 . . 9 Explosive . | . . . . . . . . . . . . Electromagnetic 12 | . . . . . . . . 1 . . 11 Robot Hit Streak 8 | . 7 . . 4 8 7 8 3 6 5 7 Robot Miss Streak 6 | . 6 . . 1 5 2 1 1 3 3 4 Penetration Max . | . . . . . . . . . . . . Secondary Targets 4 | . 1 . . 2 . . . . . . 1 Max Gunslinging Chain 1 | . 1 . . 1 . . . . . . 1 Autonomous 93 | . . . . . . . . 7 22 12 52 Shots Hit Robots 235 | . 27 . . 10 73 29 3 7 14 8 64 Core Hits 95 | . 12 . . 5 29 10 1 4 4 8 22 Critical Kills . | . . . . . . . . . . . . Critical Parts Destroyed . | . . . . . . . . . . . . Critical Strikes 13 | . . . . . 1 1 2 1 . 2 6 Burn 4 | . . . . . 1 1 2 . . . . Blast 9 | . . . . . . . . 1 . 2 6 Melee Attacks 3 | . . . . . 1 2 . . . . . Impact . | . . . . . . . . . . . . Slashing 3 | . . . . . 1 2 . . . . . Piercing . | . . . . . . . . . . . . Sneak Attacks 1 | . . . . . . 1 . . . . . Combat Hostiles . | . . . . . . . . . . . . Follow-up Attacks . | . . . . . . . . . . . . Damage Inflicted 8810 | . 398 . . 121 924 509 63 520 1372 1211 3692 Guns 2362 | . 398 . . 119 924 435 63 32 . . 391 Cannons 5684 | . . . . . . . . 488 1372 566 3258 Explosions 684 | . . . . . . . . . . 645 39 Melee 74 | . . . . . . 74 . . . . . Ramming 6 | . . . . 2 . . . . . . 4 Kinetic 7080 | . 198 . . 119 851 52 . 488 1372 566 3434 Thermal 1380 | . 200 . . . 73 383 63 14 . 532 115 Explosive 113 | . . . . . . . . . . 113 . Electromagnetic 157 | . . . . . . . . 18 . . 139 Impact . | . . . . . . . . . . . . Slashing 74 | . . . . . . 74 . . . . . Piercing . | . . . . . . . . . . . . Highest Corruption 10 | . . . . . . 1 10 10 5 5 5 Average Corruption 5 | . . . . . . 1 8 6 5 5 5 Corruption Purged 5 | . . . . . . . . 5 . . . Corruption Blocked . | . . . . . . . . . . . . Effects 64 | . . . . . . . 3 24 13 6 18 Message Errors 11 | . . . . . . . . 5 1 1 4 Matter Fused 13 | . . . . . . . . 6 4 . 3 Heat Flow Errors 9 | . . . . . . . . 3 1 3 2 Energy Discharges 11 | . . . . . . . . 3 3 2 3 Parts Rejected 1 | . . . . . . . . . . . 1 Data Loss (minor) 10 | . . . . . . . 2 3 1 . 4 Data Loss (major) 6 | . . . . . . . . 3 3 . . Misdirections 2 | . . . . . . . 1 1 . . . Weapon Failures 1 | . . . . . . . . . . . 1 Overload Shots . | . . . . . . . . . . . . Overflow Damage 1526 | . . . . . . 34 . 183 339 242 728 Projectiles 1350 | . . . . . . . . 183 339 100 728 Explosions 142 | . . . . . . . . . . 142 . Melee 34 | . . . . . . 34 . . . . . Knockbacks 14 | . . . . . . . . . 5 1 8 Impact . | . . . . . . . . . . . . Kinetic 14 | . . . . . . . . . 5 1 8 Secondary . | . . . . . . . . . . . . Self-Inflicted Damage 1 | . . . . . . . . . . . 1 Shots . | . . . . . . . . . . . . Rammed 4 | . . . . 1 . . . . . . 3 Targets Rammed 4 | . . . . 1 . . . . . . 3 Kicked . | . . . . . . . . . . . . Crushed . | . . . . . . . . . . . . Highest Temperature 297 | . 234 . . . 105 297 42 128 222 268 223 Average Temperature 85 | . 71 . . . 39 125 13 55 106 120 81 Received Heat Transfer 1392 | . 135 . . . 279 48 . . 81 . 849 Siege Activations . | . . . . . . . . . . . . Martial Activations . | . . . . . . . . . . . . Shielding Activations . | . . . . . . . . . . . . Robots Disrupted . | . . . . . . . . . . . . Combat Hostiles . | . . . . . . . . . . . . Robots Corrupted . | . . . . . . . . . . . . Combat Hostiles . | . . . . . . . . . . . . Parts Fried . | . . . . . . . . . . . . Impact Corruptions . | . . . . . . . . . . . . Robots Melted . | . . . . . . . . . . . . Combat Hostiles . | . . . . . . . . . . . . Parts Melted 8 | . 3 . . . 2 2 . . . 1 . Heat Transferred 2744 | . 592 . . . 259 925 296 37 . 400 235 Parts Sabotaged . | . . . . . . . . . . . . Parts Stolen . | . . . . . . . . . . . . Parts Stripped . | . . . . . . . . . . . . Power Chain Reactions 1 | . . . . . . . . . . . 1 Alert | -11 -10 -10 -10 -9 -8 -7 -7 -7 -7 -7 -7 ------- Run | Yrd Mat Min Exi Min Mat Fac Was Fac Gar Fac Gar Maximum Alert Level 3 | . . . . . . . . . 1 1 3 Low Security (%) 87 | 100 100 100 . 100 100 100 100 100 81 30 9 Level 1 5 | . . . . . . . . . 18 69 10 Level 2 5 | . . . . . . . . . . . 61 Level 3 1 | . . . . . . . . . . . 19 Level 4 . | . . . . . . . . . . . . Level 5 . | . . . . . . . . . . . . High Security . | . . . . . . . . . . . . Max Security . | . . . . . . . . . . . . Peak Influence 716 | . 122 . . 70 112 49 . 39 224 275 716 Initial 152 | . . . . . . 38 . . 18 117 152 Average 78 | . 36 . . 9 27 7 . 2 118 199 572 Influence Increases 1981 | . 210 . . 70 348 96 . 86 206 261 704 Destroy 0b10 Robot/C 1280 | . 160 . . 60 280 60 . 40 140 80 460 Destroy 0b10 Robot/NC 50 | . 5 . . . 5 5 . 10 . 20 5 Destroy Leader 222 | . 30 . . 10 60 30 . 22 10 20 40 Successful Hack 26 | . . . . . 2 . . 12 . . 12 Disable Machine 135 | . . . . . . . . . . 120 15 Anti-Garrison Action 50 | . . . . . . . . . 50 . . Destroy Structure 53 | . . . . . 1 1 . 2 6 21 22 Lose Combat Pursuer 165 | . 15 . . . . . . . . . 150 Influence Decreases 1315 | . 210 . . 70 262 182 . 59 9 267 256 Entered New Map 230 | . . . . . . 48 . . 9 107 66 Time Decay 827 | . 210 . . 70 212 126 . 59 . 150 . Lost Part 238 | . . . . . 50 8 . . . 10 170 Lost Ally 20 | . . . . . . . . . . . 20 Squads Dispatched 5 | . . . . . 1 1 . 2 . 1 . Investigation . | . . . . . . . . . . . . Extermination 3 | . . . . . . 1 . 1 . 1 . Reinforcement 2 | . . . . . 1 . . 1 . . . Assault . | . . . . . . . . . . . . Garrison . | . . . . . . . . . . . . Intercept . | . . . . . . . . . . . . Searches Triggered . | . . . . . . . . . . . . Construction Impeded . | . . . . . . . . . . . . Haulers Reinforced . | . . . . . . . . . . . . Active Scanning Responses . | . . . . . . . . . . . . Cargo Convoy Interrupts . | . . . . . . . . . . . . Stealth | -11 -10 -10 -10 -9 -8 -7 -7 -7 -7 -7 -7 --------- Run | Yrd Mat Min Exi Min Mat Fac Was Fac Gar Fac Gar Distress Signals 3 | . 1 . . . 2 . . . . . . Communications Jammed . | . . . . . . . . . . . . Distress Signals . | . . . . . . . . . . . . Times Spotted 97 | . 16 . . 5 21 4 5 5 5 5 31 Peak Tracking Total 7 | . 5 . . 3 5 2 5 1 2 2 7 Tactical Retreats 7 | . 1 . . . . . . . . . 6 Traps | -11 -10 -10 -10 -9 -8 -7 -7 -7 -7 -7 -7 ------- Run | Yrd Mat Min Exi Min Mat Fac Was Fac Gar Fac Gar Traps Triggered 7 | . . . . . 1 1 . . 2 2 1 Indirectly 1 | . . . . . . . . . . 1 . Trap Hack Attempts . | . . . . . . . . . . . . Triggered . | . . . . . . . . . . . . Disarmed . | . . . . . . . . . . . . Reprogrammed . | . . . . . . . . . . . . Reused . | . . . . . . . . . . . . Traps Extracted . | . . . . . . . . . . . . Installed . | . . . . . . . . . . . . Triggered . | . . . . . . . . . . . . Machines | -11 -10 -10 -10 -9 -8 -7 -7 -7 -7 -7 -7 ---------- Run | Yrd Mat Min Exi Min Mat Fac Was Fac Gar Fac Gar Machines Disabled 10 | . . . . . . . . . 1 8 1 Max in Single Turn 4 | . . . . . . . . . 1 4 1 Garrison Relay 1 | . . . . . . . . . 1 . . Machines Repaired . | . . . . . . . . . . . . Machines Dismantled . | . . . . . . . . . . . . Machines Sabotaged . | . . . . . . . . . . . . Overloaded Fab Kills . | . . . . . . . . . . . . Hacking | -11 -10 -10 -10 -9 -8 -7 -7 -7 -7 -7 -7 --------- Run | Yrd Mat Min Exi Min Mat Fac Was Fac Gar Fac Gar Machines Accessed 20 | . . . 1 . 3 3 . 9 1 2 1 Terminals 10 | . . . . . 2 1 . 4 1 1 1 Fabricators 3 | . . . . . . . . 3 . . . Repair Stations . | . . . . . . . . . . . . Recycling Units 1 | . . . . . . 1 . . . . . Scanalyzers 3 | . . . . . 1 1 . 1 . . . Garrison Access 2 | . . . . . . . . 1 . 1 . Total Hacks 37 | . . . 1 . 8 6 . 17 1 3 1 Successful 15 | . . . 1 . 1 3 . 7 1 1 1 Failed 21 | . . . . . 6 3 . 10 . 2 . Catastrophic 6 | . . . . . 2 . . 3 . 1 . Database Lockouts 1 | . . . . . 1 . . . . . . Manual 10 | . . . 1 . 5 . . 4 . . . Terminals 20 | . . . . . 6 2 . 8 1 2 1 Fabricators 7 | . . . . . . . . 7 . . . Repair Stations . | . . . . . . . . . . . . Recycling Units 3 | . . . . . . 3 . . . . . Scanalyzers 4 | . . . . . 2 1 . 1 . . . Garrison Access 2 | . . . . . . . . 1 . 1 . Terminal Hacks 7 | . . . 1 . . . . 4 1 . 1 Record 1 | . . . . . . . . 1 . . . Branch Access Points 1 | . . . . . . . . 1 . . . Emergency Access Points 1 | . . . . . . . . . 1 . . Alert Level 1 | . . . . . . . . 1 . . . Zone Layout 1 | . . . . . . . . 1 . . . Garrison Registry 1 | . . . . . . . . . . . 1 Proto ID Catalog 1 | . . . 1 . . . . . . . . Fabricator Hacks 2 | . . . . . . . . 2 . . . Network Status 1 | . . . . . . . . 1 . . . Build 1 | . . . . . . . . 1 . . . Repair Station Hacks . | . . . . . . . . . . . . Recycling Unit Hacks 3 | . . . . . . 3 . . . . . Process 1 | . . . . . . 1 . . . . . Report Inventory 1 | . . . . . . 1 . . . . . Retrieve Matter 1 | . . . . . . 1 . . . . . Scanalyzer 1 | . . . . . 1 . . . . . . Retrieve Study 1 | . . . . . 1 . . . . . . Garrison Access Hacks 2 | . . . . . . . . 1 . 1 . Unlock Access 2 | . . . . . . . . 1 . 1 . Unauthorized Hacks . | . . . . . . . . . . . . Terminals . | . . . . . . . . . . . . Fabricators . | . . . . . . . . . . . . Repair Stations . | . . . . . . . . . . . . Recycling Units . | . . . . . . . . . . . . Scanalyzers . | . . . . . . . . . . . . Garrison Access . | . . . . . . . . . . . . Data Cores Recovered 1 | . . . . . . . . 1 . . . Used . | . . . . . . . . . . . . Hacking Detections 11 | . . . . . 2 2 . 6 . 1 . Full Trace Events . | . . . . . . . . . . . . Feedback Events . | . . . . . . . . . . . . Feedback Blocked . | . . . . . . . . . . . . Robot Schematics Acquired . | . . . . . . . . . . . . Robots Built . | . . . . . . . . . . . . Authchips . | . . . . . . . . . . . . Time . | . . . . . . . . . . . . Total Robot Build Rating . | . . . . . . . . . . . . Part Schematics Acquired . | . . . . . . . . . . . . Parts Built 2 | . . . . . . . . 2 . . . Authchips . | . . . . . . . . . . . . Time 47 | . . . . . . . . 47 . . . Total Part Build Rating 10 | . . . . . . . . 10 . . . Part Studies Acquired 1 | . . . . . 1 . . . . . . Parts Repaired . | . . . . . . . . . . . . Time . | . . . . . . . . . . . . Parts Recycled . | . . . . . . . . . . . . Recycled Matter 10 | . . . . . . 10 . . . . . Retrieved Matter 10 | . . . . . . 10 . . . . . Retrieved Components . | . . . . . . . . . . . . Parts Scanalyzed . | . . . . . . . . . . . . Part Schematics Acquired . | . . . . . . . . . . . . Parts Damaged . | . . . . . . . . . . . . Bothacking | -11 -10 -10 -10 -9 -8 -7 -7 -7 -7 -7 -7 ------------ Run | Yrd Mat Min Exi Min Mat Fac Was Fac Gar Fac Gar Used RIF Installer 2 | . . . . . . . . . 1 . 1 Zone Cloak 1 | . . . . . . . . . . . 1 Robots Hacked 2 | . . . . . . . . . . . 2 Non-combat . | . . . . . . . . . . . . Combat 2 | . . . . . . . . . . . 2 Robot Hacks Applied 2 | . . . . . . . . . . . 2 parse_system 1 | . . . . . . . . . . . 1 formatsys_high 1 | . . . . . . . . . . . 1 Relay Couplers Released 8 | . . . . . . . . . 8 . . Machine Destruction 5 | . . . . . . . . . 5 . . Programmers 3 | . . . . . . . . . 3 . . Attached 2 | . . . . . . . . . . 1 1 Fabnet Peak Effective % . | . . . . . . . . . . . . Robots Rewired . | . . . . . . . . . . . . Allies Hacked . | . . . . . . . . . . . . Hacks Repelled . | . . . . . . . . . . . . Allies | -11 -10 -10 -10 -9 -8 -7 -7 -7 -7 -7 -7 -------- Run | Yrd Mat Min Exi Min Mat Fac Was Fac Gar Fac Gar Total Allies 7 | . . 5 . . . . 1 . . . 1 Largest Group 5 | . . 5 5 3 . . 1 . . . 1 Highest-Rated Group 85 | . . 85 85 40 . . 31 . . . 40 Highest-Rated Ally 40 | . . 31 31 16 . . 31 . . . 40 Total Orders . | . . . . . . . . . . . . Ally Attacks 19 | . . . . 9 . . 10 . . . . Total Damage 271 | . . . . 102 . . 169 . . . . Kills 1 | . . . . 1 . . . . . . . Allies Corrupted . | . . . . . . . . . . . . Allies Melted . | . . . . . . . . . . . . Intel | -11 -10 -10 -10 -9 -8 -7 -7 -7 -7 -7 -7 ------- Run | Yrd Mat Min Exi Min Mat Fac Was Fac Gar Fac Gar Active Infowar (turns) 2870 | . . . . . 138 793 106 709 493 309 322 Optics 2870 | . . . . . 138 793 106 709 493 309 322 Sensors 984 | . . . . . . 74 62 709 139 . . Robot Analysis Total . | . . . . . . . . . . . . Derelict Logs Recovered 4 | . . 2 . 2 . . . . . . . Drone Launches . | . . . . . . . . . . . . Drone Recoveries . | . . . . . . . . . . . . Exploration | -11 -10 -10 -10 -9 -8 -7 -7 -7 -7 -7 -7 ------------- Run | Yrd Mat Min Exi Min Mat Fac Was Fac Gar Fac Gar Turns Passed 6886 | 67 886 554 398 632 1406 793 106 709 493 309 533 Spaces Moved 3805 | 36 493 339 247 372 353 422 86 545 354 227 331 Core 69 | 6 . . . . . . . . . . 63 Treads 2257 | 30 493 339 247 372 353 422 1 . . . . Legs . | . . . . . . . . . . . . Wheels 1479 | . . . . . . . 85 545 354 227 268 Hover . | . . . . . . . . . . . . Flight . | . . . . . . . . . . . . Fastest Speed 50 | 50 160 160 160 160 160 163 100 100 100 130 50 Average Speed 146 | 154 160 160 160 160 163 163 105 126 129 130 118 Slowest Speed 200 | 200 160 160 160 160 165 165 165 130 130 130 200 Overloaded Moves . | . . . . . . . . . . . . Propulsion Burnouts . | . . . . . . . . . . . . Robots Hopped . | . . . . . . . . . . . . Potential Cave-ins . | . . . . . . . . . . . . Cave-ins Triggered . | . . . . . . . . . . . . Exploration Rate (%) 41 | 3 75 55 62 66 41 10 73 21 37 11 41 Regions Visited 11 Branch Regions 3 Pre-discovered Areas 3 | . . 2 . 1 . . . . . . . Known Exits Taken 7 | . 1 1 1 1 1 . . 1 . 1 . Unknown Exits Taken 1 | 1 . . . . . . . . . . . Scrap Searched 2 | . . 1 . 1 . . . . . . . Spaces Dug 2 | . . . . . 1 1 . . . . . Terrain Destroyed 45 | . . . . . 1 1 . 2 6 23 12 Melee 2 | . . . . . 1 1 . . . . . Projectile 23 | . . . . . . . . 2 6 3 12 AOE 20 | . . . . . . . . . . 20 . Terrain Rammed . | . . . . . . . . . . . . Walls Destroyed . | . . . . . . . . . . . . Machines Disabled . | . . . . . . . . . . . . Actions | -11 -10 -10 -10 -9 -8 -7 -7 -7 -7 -7 -7 --------- Run | Yrd Mat Min Exi Min Mat Fac Was Fac Gar Fac Gar Total 4864 | 45 539 351 251 397 1070 491 96 565 388 241 430 Wait 709 | . 10 9 . 15 604 29 . . 11 . 31 Move 3795 | 35 491 338 246 371 352 422 85 545 352 227 331 Hop . | . . . . . . . . . . . . Pick Up 48 | 4 6 2 1 2 11 7 1 6 5 2 1 Fast Attach 43 | 6 1 . . . 8 2 3 5 2 5 11 Attach 13 | . . . . 1 2 2 1 1 1 1 4 Detach 3 | . . . . . . . . . 1 . 2 Swap 15 | . 1 1 1 . 8 2 . . 1 . 1 Drop 51 | . 3 1 3 1 9 8 3 7 6 6 4 Fire 170 | . 27 . . 6 75 17 3 1 1 . 40 Melee 3 | . . . . . 1 2 . . . . . Ram 3 | . . . . . . . . . . . 3 Kick . | . . . . . . . . . . . . Crush 1 | . . . . 1 . . . . . . . Escape Stasis 10 | . . . . . . . . . 8 . 2 Rewire . | . . . . . . . . . . . . Trap . | . . . . . . . . . . . . Miscellaneous . | . . . . . . . . . . . . Route ------- -11/Scrapyard -10/Materials (discovered 4 exits: *Mat x3 / *Min) -10/Mines -10/Exiles -9/Mines -8/Materials -7/Factory -7/Waste -7/Factory (discovered 3 exits: Low x2 / Gar) -7/Garrison -7/Factory -7/Garrison (discovered 3 exits: Fac x3) History --------- Turn | Location | Event 22 | -11/Scrapyard | Discovered new exit (range 15) 68 | -11/Scrapyard | Entered Materials 202 | -10/Materials | Discovered new exit (range 10) 298 | -10/Materials | Identified exit to Materials 306 | -10/Materials | Build established: Mutant 642 | -10/Materials | Discovered exit to Materials (range 8) 733 | -10/Materials | Discovered exit to Materials (range 16) 892 | -10/Materials | Discovered new exit (range 7) 908 | -10/Materials | Identified exit to Mines 954 | -10/Materials | Entered Mines 967 | -10/Mines | Learned location of Zion (-7) 1006 | -10/Mines | Learned 2 Materials zone layouts 1058 | -10/Mines | A weapon hastily lodged in a ceiling crevice suddenly fell to the ground 1090 | -10/Mines | Found a hidden stash of uninstalled traps 1153 | -10/Mines | Learned location of Storage (-9) 1335 | -10/Mines | Found a damaged Exp. Sensor Array with a note attached 1338 | -10/Mines | Found Prototype Device 1423 | -10/Mines | Assisted by bots powering up and referring to "LRC-V3" 1490 | -10/Mines | Deemed a non-threat by the Exiles lab entrance 1490 | -10/Mines | Discovered new exit (range 5) 1495 | -10/Mines | Identified exit to Exiles 1508 | -10/Mines | Entered Exiles 1508 | -10/Exiles | Accompanied by 5 allies 1538 | -10/Exiles | Led the pair of lost Derelicts to a safe place 1550 | -10/Exiles | Met 8R-AWN 1579 | -10/Exiles | Met EX-HEX 1664 | -10/Exiles | Met EX-BIN 1691 | -10/Exiles | Aligned with FarCom system 1692 | -10/Exiles | Given EX-Vault access code 1731 | -10/Exiles | Opened EX-Vault 1745 | -10/Exiles | Found AWS/Autocannon 1776 | -10/Exiles | Warned to stay clear of 0b10 Research branches 1831 | -10/Exiles | Met EX-DEC 1890 | -10/Exiles | Discovered new exit (range 12) 1904 | -10/Exiles | Identified exit to Mines 1906 | -10/Exiles | Left Exiles lab with AWS/Autocannon 1906 | -10/Exiles | Entered Mines 1906 | -9/Mines | Accompanied by 3 allies 1911 | -9/Mines | Assembled infested the area 1934 | -9/Mines | Received a Rocket Launcher from a helpful Derelict 2206 | -9/Mines | Learned Materials terminal intel 2532 | -9/Mines | Discovered new exit (range 5) 2537 | -9/Mines | Identified exit to Materials 2538 | -9/Mines | Entered Materials 2538 | -8/Materials | Evolved 4 slots: Propulsion x1, Utility x3 2539 | -8/Materials | Identified exit to Factory 2540 | -8/Materials | Loaded intel: 12 terminal locations 3043 | -8/Materials | Lost 3 parts (1n2w) 3059 | -8/Materials | Central database locked down 3942 | -8/Materials | Build established: Scavenger-Mutant 3944 | -8/Materials | Entered Factory 3944 | -7/Factory | Evolved 2 slots: Utility x1, Weapon x1 4063 | -7/Factory | Discovered new exit (range 10) 4078 | -7/Factory | Identified exit to Factory 4248 | -7/Factory | Build established: Scavenger-Skirmisher 4659 | -7/Factory | Build established: Mutant 4737 | -7/Factory | Sucked down chute 4737 | -7/Factory | Entered Waste 4738 | -7/Waste | Met a frightened Derelict 4750 | -7/Waste | Spotted C-40 Crusher 4750 | -7/Waste | Spotted C-40 Crusher 4750 | -7/Waste | Spotted C-40 Crusher 4750 | -7/Waste | Spotted C-40 Crusher 4752 | -7/Waste | EMP discharged 4752 | -7/Waste | System corruption reached 10% 4773 | -7/Waste | Crushed by Compactor (1 part destroyed, 2 dropped) 4780 | -7/Waste | Crushed by Compactor (1 part destroyed) 4781 | -7/Waste | Identified Exp. Sensor Array 4796 | -7/Waste | Spotted C-40 Crusher 4811 | -7/Waste | Lost 3 parts (1n1u1w) 4813 | -7/Waste | Discovered new exit (range 20) 4838 | -7/Waste | Identified exit to Factory 4843 | -7/Waste | Entered Factory 5172 | -7/Factory | Build established: Skirmisher 5292 | -7/Factory | Fabricated Coil Gun (x2) 5516 | -7/Factory | Identified exit to Lower Caves 5552 | -7/Factory | Identified exit to Garrison 5552 | -7/Factory | Entered Garrison 5578 | -7/Garrison | Triggered checkpoint 5714 | -7/Garrison | Garrison Relay disabled 5836 | -7/Garrison | Triggered checkpoint 5915 | -7/Garrison | Discovered new exit (range 11) 5950 | -7/Garrison | Triggered checkpoint 5975 | -7/Garrison | Build established: Hacker-Gunner 5978 | -7/Garrison | Installed Relay Interface Framework 6042 | -7/Garrison | Identified exit to Factory 6045 | -7/Garrison | Entered Factory 6354 | -7/Factory | Identified exit to Garrison 6354 | -7/Factory | Entered Garrison 6458 | -7/Garrison | Destroyed 7 combat bots 6458 | -7/Garrison | Triggered checkpoint 6534 | -7/Garrison | Triggered checkpoint 6549 | -7/Garrison | Build established: Hacker-Tank 6556 | -7/Garrison | Triggered checkpoint 6580 | -7/Garrison | Destroyed 12 combat bots 6587 | -7/Garrison | AWS/Autocannon suddenly broke down 6700 | -7/Garrison | Core integrity fell below 50% 6786 | -7/Garrison | Lost 12 parts (3p2n3u4w) 6831 | -7/Garrison | Discovered exit to Factory (range 33) 6831 | -7/Garrison | Discovered exit to Factory (range 19) 6831 | -7/Garrison | Discovered exit to Factory (range 44) 6856 | -7/Garrison | Triggered checkpoint 6865 | -7/Garrison | Core integrity fell below 20% 6877 | -7/Garrison | Expanded RIF knowledge: Zone Cloak 6887 | -7/Garrison | Destroyed by S-27 Virus with Autogun Last Messages --------------- alarm sounds. 06858_ Particle Gun destroyed. 06864_ Jacked S-27 Virus... >>parse_system Reading system data... 06872_ Hacking Suite destroyed. 06872_ System Shield destroyed. 06873_ Com. Wheel destroyed. Initiating installation procedure... 06877_ Expanded RIF knowledge: Zone Cloak. 06880_ Slammed into S-27 Virus. 06882_ Critical hit (Destroy). 06882_ Lgt. Nuclear Core destroyed. 06882_ Slammed into S-27 Virus. 06885_ Triggered Stasis Trap. 06885_ A bubble of rippling energy engulfs the area. 06885_ Field strength at 94. 06885_ Field strength at 88. 06886_ Field strength at 79. Map ----- +----------------------------------------------------+ | | | | | | | | | | | ?????????????????????????????????????????????????? | | ?????????????????????????????????????????????????? | | ?????????????????????????????????????????????????? | | ?????????????????????????????????????????????????? | | ?????????????????????????????????????????????????? | | ?????????????????????????????????????????????????? | | ?????????????????????????????????????????????????? | | ?????????????????????????????????????????????????? | | ???????????????????????#####?????????????????????? | | ???????????????????????#"""#?????????????????????? | | ???????????????????????#" "#?????????????????????? | | ???????????????????????#" "#?????????????????????? | | ???????????????????????#" "#?????????????????????? | | ???????????????????????# #??????############???? | | ???????????????????????##s##??????#""""""""""#???? | | ????????????????????????#%###?????#"""!!!!"""#???? | | ????????????????????????#%#"#?????#"" ""#???? | | ????????????????????????#ss"#?????#"! !"#?### | | ????????????????????????# "#?????#"! !"#?# | | ????????????????????????#^ "#?????#"! !"#?# | | ????????????????????????#@#"#?????#"! !"#?# | | ????????????????????????# ###?????#"! !"#?# | | ????????????????????????# #???????#"! !"#?# | | ????????????????????????# #???????#"" ""#?## | | ????????????????????????# #???????### #######??# | | ??????????????????????### #?????????# #???###### | | ????#####???????####### #?????????# #???# + | | ????# #???????# + #?????????# #???# #### | | ????# < #########+##### #?????????# #???# #??# | | ????# #???### #?????????# #???# #??# | | ????# #?????# #?????????# #####+#### | | ????######+##### ####### #?????????# ^ | | ?????????# #???# #?????????# ^ | | ?????????# #???# ####+####?????????# #####+### # | | #######??# #???# #??# #????????????# #???# #?#^# | | """""###?# #???# #??# #????????????#] #???# #?# # | | "###?# #???# #??# #????????????#% #???# #?# # | | ##?# ##### #### ######????####/%##### #?# | | """#+##### + + #????# +!!+% #?### | | ^ ######## #### #### #????# ## %##### #??# | | ######## #??# #??# #?####"##!=#???# #??## | | #??# #??# #?#[ ## #???# #???# | | """#+########### #??# #?##+###%= %## ##??# #???# | | ##???????# ####+### = #### ##### | | "###???##### + | +----------------------------------------------------+ Best States ------------- Heat Dissipation 34 Energy Generation 17 Energy Capacity 500 Matter Stores 300 Matter Capacity 300 Sight Range 20 Robot Scan Range 20 Terrain Scan Density 10 Armor Coverage 450 Evasion (%) 40 Target Analysis 5 Core Analysis 6 Armor Integrity Analysis 30 Recoil Reduction 3 Offensive Hacking 10 Defensive Hacking 10 Relay Coupler Types 1 Relay Coupler Value 29 Item Schematics ----------------- None Robot Schematics ------------------ None Fabricated ------------ Coil Gun | x2 | -7/Factory | Preloaded Repaired ---------- Nothing Studied --------- Arm. Treads | -8/Materials | Hacked Alien Tech Used ----------------- None Achievements -------------- None Challenges ------------ None Game ------ Seed GodDeflectorHoverbase Manual? 0 Play Time 01:09:59 Cumulative 30.2 hours Start 2026.04.28 @ 11:10:34 End 2026.04.28 @ 12:17:24 Sessions 1 Manual Loads 0 Difficulty Rogue Special Mode None Game No. 33 Rogue 33 Adventurer 0 Explorer 0 Win Type - Total 0 Types 0/0/0/0/0/0/0/0/0/0 Lore% 26 Gallery% 30 Achievement% 27 Wizard Run 0 Options --------- Layout 1 ASCII 0 Keyboard 0 Movement Mouse Keybinds 0 Fullscreen 2 Font 24/Smallcaps Map View 50x35 Zoom Use 0% Tactical HUD 1 Map Filters NONE Filters NONE Steam 1 RUN: e5bf6e2a-44c9-4d64-a840-00b1360bb4c7